Map: Cerulean Fall LE

Players

Bunny

  • Race: Terran Terran
  • League: Bronze
  • Spawn Location: 7:00

lllllllllll (sOs) - Winner!

  • Race: Protoss Protoss
  • League: Master
  • Spawn Location: 1:00

Event: IEM Season 13 - Katowice Server Qualifiers Asia 1

VOD

Have the link to the VOD?

Description

Time

  • Played on: Jan. 14, 2019, 4:32 a.m.
  • Length: 10:57

All games in this series

Show
View Real Time Build Order
Export as new Build Order

Bunny Terran 

Build Orders: Gas First Reaper Expand 

Get SALT Encoding   

  12  0:00  SCV  
  13  0:12  SCV  
  14  0:17  Supply Depot  
  14  0:24  SCV  
  14  0:28  Refinery  
  15  0:39  SCV  
  16  0:44  Barracks  
  16  0:51  SCV  
  17  1:03  SCV  
  18  1:15  SCV  
  19  1:31  Reaper, Orbital Command  
  20  1:44  Command Center  
  20  1:55  Factory  
  20  1:58  SCV  
  21  2:05  Barracks Reactor  
  21  2:09  Supply Depot  
  21  2:11  SCV  
  22  2:17  Refinery  
  22  2:23  SCV  
  23  2:35  SCV  
  24  2:38  Factory Tech Lab  
  24  2:41  Marine x2  
  26  2:48  SCV, Starport  
  27  2:56  Orbital Command  
  27  3:00  SCV  
  27  3:01  Marine x2  
  30  3:07  Cyclone  
  30  3:12  SCV  
  34  3:19  Marine x2  
  36  3:21  SCV  
  36  3:24  SCV, Starport Tech Lab  
  38  3:30  Supply Depot  
  38  3:33  SCV  
  39  3:39  Marine  
  39  3:40  Marine, Siege Tank  
  44  3:51  Supply Depot  
  44  3:52  Banshee  
  44  3:53  SCV x2  
  49  3:57  Marine x2  
  49  4:02  Supply Depot  
  51  4:05  SCV x2  
  53  4:14  Siege Tank  
  53  4:15  Marine x2  
  58  4:22  SCV x2  
  60  4:27  Supply Depot  
  60  4:33  Marine x2  
  60  4:34  SCV  
  60  4:35  SCV  
  60  4:37  Banshee  
  63  4:47  SCV x2  
  63  4:50  Command Center  
  65  4:56  Siege Tank  
  65  4:57  Marine  
  65  4:58  Supply Depot  
  65  4:59  Marine  
  70  5:02  SCV  
  70  5:03  SCV  
  72  5:08  Refinery x2  
  72  5:16  SCV x2  
  72  5:20  Medivac  
  77  5:30  SCV x2  
  77  5:37  Barracks Tech Lab  
  77  5:39  Barracks x2  
  77  5:41  Engineering Bay  
  77  5:42  SCV x2, Engineering Bay  
  79  5:45  Factory Reactor  
  79  5:54  SCV x2  
  79  5:57  Marine  
  81  5:58  Stimpack  
  81  6:02  Barracks  
  81  6:03  Barracks, Orbital Command  
  82  6:04  Starport Reactor  
  82  6:07  SCV x2  
  82  6:08  Supply Depot  
  84  6:20  Marauder  
  84  6:21  SCV x2  
  84  6:25  Widow Mine x2  
  92  6:28  Orbital Command  
  92  6:33  SCV x2  
  92  6:37  Supply Depot  
  92  6:39  Orbital Command  
  93  6:41  Marauder  
  93  6:43  Marine x2  
  93  6:44  Marine  
  93  6:45  Medivac x2  
  97  6:47  Widow Mine x2  
  97  6:52  Marine x2  
  77  7:01  Marine x2  
  70  7:09  Marine x2  
  70  7:10  Marine  
  70  7:14  Marine  
  72  7:19  Marine  
  73  7:27  Marine, Medivac x2  
  73  7:29  Marine  
  76  7:32  SCV  
  76  7:33  SCV  
  76  7:34  SCV  
  77  7:39  Combat Shield  
  77  7:46  SCV x2  
  77  7:47  SCV  
  80  7:55  Widow Mine x2  
  80  7:56  Barracks Reactor  
  80  7:58  SCV x2  
  80  7:59  Concussive Shells  
  80  8:01  Marine x2  
  82  8:06  Marauder  
  82  8:09  Marauder  
  82  8:11  Marauder  
  87  8:17  Terran Infantry Armor Level 1, Terran Infantry Weapons Level 1  
  87  8:20  Widow Mine  
  87  8:25  Widow Mine  
  87  8:26  Marine  
  87  8:27  Marine  
  92  8:28  Marauder  
  92  8:30  Orbital Command  
  92  8:32  Supply Depot, Medivac  
  97  8:38  Marine  
  97  8:39  Marine  
  99  8:41  Widow Mine  
  99  8:52  Marine x2, Marauder x3  
  107  8:56  SCV  
  107  8:57  SCV x2  
  107  9:02  Marine x2  
  112  9:10  Marine x2  
  112  9:12  Marine  
  112  9:15  SCV, Supply Depot x2  
  116  9:24  Supply Depot  
  116  9:27  Marine  
  117  9:36  Marine x3  
  117  9:37  Marauder x2  
  123  9:52  Marine, Marauder  
  123  9:54  Marine x2, Medivac  
  123  9:57  Widow Mine  
  123  9:58  Marauder x2  
  131  10:06  Marine  
  132  10:10  Marine  
  132  10:12  Marine x2  
  132  10:13  Marauder  
  137  10:19  Marine x2  
  139  10:24  Marine  
  138  10:28  Marine  
  138  10:29  Marine  
  138  10:35  Marine, Marauder  
  135  10:37  Marine  
Show
View Real Time Build Order
Export as new Build Order

lllllllllll Protoss - Winner!

Build Orders: 1 Gate Expand, Oracle Opening, Blink Stalkers 

Get SALT Encoding   

  12  0:00  Probe  
  13  0:13  Probe  
  14  0:18  Pylon  
  14  0:25  Probe  
  15  0:36  Assimilator  
  15  0:37  Probe  
  16  0:42  Gateway  
  16  0:45  Probe  
  17  0:53  Probe  
  17  1:03  Probe  
  19  1:15  Probe  
  20  1:23  Nexus  
  20  1:32  Cybernetics Core  
  20  1:35  Probe  
  21  1:40  Assimilator  
  21  1:47  Probe  
  21  1:51  Pylon  
  22  1:59  Probe  
  22  2:00  Adept  
  23  2:09  Warp Gate  
  23  2:11  Probe  
  26  2:17  Twilight Council  
  26  2:23  Probe  
  26  2:29  Blink  
  27  2:30  Sentry  
  27  2:31  Probe x2  
  31  2:39  Probe  
  31  2:40  Probe  
  33  2:49  Probe  
  33  2:50  Probe  
  34  2:52  Oracle  
  35  3:03  Probe x2  
  37  3:09  Gateway  
  37  3:11  Gateway  
  37  3:16  Probe x2  
  39  3:21  Stalker  
  41  3:28  Probe x2  
  41  3:33  Pylon  
  43  3:38  Robotics Facility  
  43  3:40  Probe  
  43  3:41  Probe  
  45  3:53  Probe x2  
  47  4:11  Stalker x3  
  47  4:15  Nexus  
  47  4:16  Pylon  
  53  4:22  Probe x2  
  54  4:30  Charge  
  54  4:35  Observer  
  55  4:41  Stalker x3  
  55  4:44  Pylon  
  55  4:45  Pylon  
  61  4:48  Assimilator  
  61  4:51  Shield Battery  
  61  4:58  Probe  
  62  5:02  Probe  
  62  5:04  Gateway, Zealot x3  
  69  5:09  Gateway  
  69  5:22  Gateway  
  69  5:28  Stalker x3  
  73  5:33  Probe x2  
  73  5:34  Probe  
  78  5:44  Gateway  
  78  5:49  Probe x3  
  81  5:53  Stalker x3  
  87  6:01  Probe  
  87  6:02  Zealot  
  90  6:05  Pylon  
  90  6:11  Zealot  
  90  6:16  Probe  
  90  6:17  Pylon  
  90  6:18  Probe  
  93  6:19  Pylon  
  93  6:21  Pylon  
  93  6:23  Probe  
  93  6:25  Zealot x3  
  100  6:44  Stalker x2  
  100  6:45  Stalker x3  
  108  6:53  Zealot x2  
  88  7:08  Zealot  
  86  7:09  Stalker x4  
  86  7:16  Probe x3  
  86  7:18  Warp Prism  
  86  7:19  Forge  
  86  7:20  Forge  
  91  7:32  Protoss Ground Weapons Level 1, Protoss Ground Armor Level 1  
  91  7:36  Zealot x4  
  91  7:37  Zealot x3  
  103  7:41  Robotics Bay  
  105  7:46  Probe  
  105  7:47  Probe, Assimilator  
  105  7:48  Probe  
  108  7:51  Pylon  
  108  8:03  Observer  
  109  8:10  Probe  
  110  8:15  Photon Cannon x2  
  110  8:16  Zealot x4  
  118  8:21  Colossus  
  118  8:34  Extended Thermal Lance  
  124  8:35  Zealot x3  
  124  8:39  Zealot  
  132  8:44  Pylon  
  132  8:46  Pylon  
  132  8:52  Pylon  
  130  8:57  Colossus, Probe  
  130  8:59  Pylon  
  131  9:04  Pylon  
  131  9:10  Zealot  
  131  9:11  Zealot x6  
  131  9:14  Templar Archives  
  151  9:32  Nexus  
  151  9:34  Pylon  
  151  9:40  Colossus  
  150  9:48  Zealot  
  150  9:49  Zealot x6  
  168  10:05  Photon Cannon  
  168  10:09  High Templar x2  
  168  10:10  Zealot x3  
  168  10:14  Pylon  
  172  10:17  Archon  
  172  10:23  Pylon  
  172  10:25  Zealot x2  
  168  10:38  Zealot  
  156  10:47  Zealot  
  131  10:51  Zealot x2  

Tags
 
Add a new tag
Caveats
  • Supply blocks, unpowered buildings, or Contaminate may cause inaccurate times.
  • Supply counts are checked every 10 seconds.